 Dungeon Crawl Stone Soup version 0.31-a0-981-geadf994542 (webtiles) character file.

Game seed: 7470383594423198226

835 Whiskey the Changeling (level 7, -5/48 HPs)
             Began as an Octopode Shapeshifter on Nov 2, 2023.
             Was an Initiate of Gozag.
             Slain by an ice beast (13 damage)
             ... on level 5 of the Dungeon.
             The game lasted 00:06:21 (3958 turns).

Whiskey the Changeling (Octopode Shapeshifter)      Turns: 3958, Time: 00:06:22

Health: -5/48      AC:  1    Str: 13    XL:     7   Next: 98%
Magic:  7/7        EV: 13    Int: 14    God:    Gozag
Gold:   88         SH:  0    Dex: 12    Spells: 6/6 levels left

rFire   . . .        s - +1 short sword (vamp) {!w}
rCold   . . .        (no shield)
rNeg    . . .        (helmet currently unavailable)
rPois   .            (no amulet)
rElec   .            (no ring)
rCorr   .            (no ring)
SInv    .            (no ring)
Will    .....        (no ring)
Stlth   +++          (no ring)
HPRegen 0.28/turn    (no ring)
MPRegen 0.10/turn    (no ring)
                     (no ring)

%: no passive effects
@: beast-form, gold aura
A: beast (slay +3), almost no armour, amphibious, 8 rings, camouflage 1,
gelatinous body 1, (nimble swimmer 1), tentacles
a: Begin Untransformation, Renounce Religion, Potion Petition, Call Merchant,
Bribe Branch


You were on level 5 of the Dungeon.
You worshipped Gozag.
Gozag was noncommittal.
You were a hulking beast.
You visited 2 branches of the dungeon, and saw 6 of its levels.

You collected 298 gold pieces.
You paid 210 gold pieces to Gozag.

Inventory:

Hand Weapons
 s - a +1 vampiric short sword (weapon) {!w}
   (You found it on level 3 of the Dungeon)
Missiles
 r - 11 poisoned darts
 A - 2 throwing nets {=f, !d}
Magical Staves
 t - a staff of conjuration {!a}
   (You found it on level 3 of the Dungeon)
 z - a staff of death {rN+}
   (You found it on level 4 of the Dungeon)
Jewellery
 w - a ring of ice {rC+, rF-}
   (You found it on level 4 of the Dungeon)
Talismans
 b - a beast talisman
 c - a flux talisman
 y - a maw talisman
   (You found it on level 4 of the Dungeon)
Scrolls
 f - a scroll of silence {unknown}
 g - a scroll of enchant weapon {unknown}
 h - a scroll of poison {unknown}
 i - 4 scrolls of enchant armour {unknown}
 k - a scroll of noise {unknown}
 l - 10 scrolls of identify {unknown}
 m - 2 scrolls of teleportation {unknown}
 q - a scroll of amnesia {unknown}
 u - a scroll of fog {unknown}
 B - 2 scrolls of vulnerability {unknown}
Potions
 a - a potion of lignification {!q}
 d - 3 potions of mutation {unknown}
 e - 2 potions of heal wounds {unknown}
 j - a potion of curing {unknown}
 n - 3 potions of haste {unknown}
 o - 2 potions of degeneration {unknown}
 p - 2 potions of brilliance {unknown}
 v - 2 potions of might {unknown}
 x - 2 potions of resistance {unknown}


   Skills:
 + Level 4.2 Fighting
 + Level 2.2 Dodging
 + Level 1.3 Stealth
 - Level 5.0 Unarmed Combat
 * Level 6.3 Shapeshifting


You had 6 spell levels left.
You didn't know any spells.
Your spell library was empty.

Dungeon Overview and Level Annotations

Branches:
Dungeon (5/15)             Temple (1/1) D:5

Altars:
Ashenzari
Cheibriados
Dithmenos
Elyvilon
Fedhas
Gozag
Hepliaklqana
Makhleb
Nemelex Xobeh
Okawaru
Qazlal
Ru
Sif Muna
Trog
Uskayaw
Vehumet
Wu Jian
Xom
Yredelemnul
Zin
The Shining One

Shops:
D:2 *


Innate Abilities, Weirdness & Mutations

You are a hulking beast.
Your limbs bulge with bestial killing power. (Slay +3)
You cannot wear most types of armour.
You are amphibious.
You can wear up to eight rings at the same time.
Your skin changes colour to match your surroundings (Stealth+).
Your rubbery body absorbs attacks. (AC +1, EV +1)
((You are camouflaged when in or above water. (Stealth+)))
You have tentacles for arms and can constrict up to eight enemies at once.


Message History

You are splashed with acid!
* * * LOW HITPOINT WARNING * * *
You take 15 damage, and have 5/48 hp.
MASSIVE DAMAGE!!
You barely miss the jelly. You tentacle-slap the jelly.
You kill the jelly!
You start resting.
You are no longer corroded.
You regained 3 hp, and now have 9/48 hp.
You start resting.
Health restored: 48 You now have 71 gold pieces (gained 7).
l - 9 scrolls labelled MIZXAC LOELL (gained 1)
n - 3 fuming dark potions (gained 1)
You now have 75 gold pieces (gained 4).
A scorpion comes into view.
The helpless scorpion fails to defend itself.
You puncture the scorpion! You grab the scorpion. You squeeze the scorpion!
You constrict the scorpion, but do no damage.
The scorpion closely misses you. x2
You hit the scorpion.
You kill the scorpion!
Your Stealth skill increases to level 1!
No target in view!
No target in view!
No target in view!
No target in view!
No target in view!
No target in view!
No target in view!
No target in view!
No target in view!
No target in view!
No target in view!
No target in view!
No target in view!
No target in view!
No target in view!
No target in view!
You now have 82 gold pieces (gained 7).
An adder comes into view.
You miss the adder. You grab the adder. You constrict the adder.
The adder closely misses you. The adder misses you.
You puncture the adder! You constrict the adder.
You kill the adder!
No target in view!
No target in view!
No target in view!
No target in view!
No target in view!
No target in view!
No target in view!
No target in view!
No target in view!
No target in view!
You now have 88 gold pieces (gained 6).
l - 10 scrolls labelled MIZXAC LOELL (gained 1) Ijyb the Twisted Goblin comes into view.
She is wielding a +0 club and carrying a wand of charming.
Ijyb shouts!
Ijyb screams, "You nasty!
Big nasty!"
Ijyb closely misses you.
You hit Ijyb. Your grab misses Ijyb.
Your tentacle-slap misses Ijyb.
Ijyb misses you.
You barely miss Ijyb. You grab Ijyb. You constrict Ijyb, but do no damage.
Ijyb grins evilly.
Ijyb hits you with a +0 club.
An ice beast comes into view.
You take 4 damage, and have 44/48 hp.
You hit Ijyb but do no damage. You squeeze Ijyb, but do no damage.
You constrict Ijyb, but do no damage.
Ijyb zaps a wand.
You resist with some effort.
You hit Ijyb but do no damage. You squeeze Ijyb, but do no damage.
You constrict Ijyb, but do no damage. Ijyb hits you with a +0 club.
You take 5 damage, and have 39/48 hp.
You hit Ijyb. You constrict Ijyb. Ijyb hits you with a +0 club.
You take 3 damage, and have 36/48 hp.
You hit Ijyb. You constrict Ijyb. Ijyb hits you with a +0 club.
You take 4 damage, and have 32/48 hp.
You hit Ijyb.
You feel better.
You tentacle-slap Ijyb. You constrict Ijyb.
Ijyb screams, "Level is mine!
All mine!"
Ijyb hits you with a +0 club.
You take 1 damage, and have 31/48 hp.
You hit Ijyb.
You feel better.
You constrict Ijyb.
You kill Ijyb!
You regained 2 hp, and now have 33/48 hp.
You hit the ice beast but do no damage. You squeeze the ice beast!
The ice beast hits you. The ice beast freezes you!
You take 11 damage, and have 22/48 hp.
MASSIVE DAMAGE!!
You are too injured to fight recklessly!
You are too injured to fight recklessly!
You are too injured to fight recklessly!
You hit the ice beast.
You feel better.
Your tentacle-slap misses the ice beast.
You squeeze the ice beast! The ice beast hits you. The ice beast freezes you!
* * * LOW HITPOINT WARNING * * *
You take 14 damage, and have 8/48 hp.
MASSIVE DAMAGE!!
You hit the ice beast. The ice beast hits you.
* * * LOW HITPOINT WARNING * * *
The ice beast freezes you!
You die...
Your body crumbles into a pile of gold.

#...................
#.......................
#.......................
#.......................
.......................#
........[..............#
.......................#
#................$......
#...............hY......
##..................##..
#.................##
##.#............$.##
#.###............## ###
###.........##
####.....## #######


You could see an ice beast.

Vanquished Creatures
  2 black bears (D:5)
  An ogre (D:5)
  2 scorpions (D:5)
  A hound (D:5)
  An orc priest (D:4)
  2 jellies
  Ijyb (D:5)
  5 orc wizards (D:4)
  8 adders
  2 worms
  4 dart slugs
  4 orcs
  5 bats
  5 endoplasms
  5 giant cockroaches
  9 goblins
  4 hobgoblins
  5 jackals
  5 kobolds
  6 quokkas
  13 ball pythons
  4 frilled lizards
  7 rats
101 creatures vanquished.

Notes
Turn   | Place    | Note
-------+----------+-------------------------------------------
     0 | D:1      | Whiskey the Octopode Shapeshifter began the quest for the
                  | Orb.
     0 | D:1      | Reached XP level 1. HP: 13/13 MP: 1/1
    62 | D:1      | Reached XP level 2. HP: 18/18 MP: 2/2
   282 | D:1      | Reached XP level 3. HP: 23/23 MP: 3/3
   684 | D:2      | Reached skill level 2 in Fighting
   684 | D:2      | Reached XP level 4. HP: 26/29 MP: 4/4
  1202 | D:2      | Found Weyxoseb's General Store.
  1218 | D:2      | Reached skill level 4 in Shapeshifting
  1315 | D:3      | Found a glowing golden altar of the Shining One.
  1315 | D:3      | Found a broken altar of Ashenzari.
  1321 | D:3      | Became a worshipper of the Shining One
  1507 | D:3      | Found a blossoming altar of Fedhas.
  1672 | D:3      | Reached XP level 5. HP: 29/35 MP: 5/5
  2655 | D:4      | Reached skill level 4 in Unarmed Combat
  2657 | D:4      | Reached XP level 6. HP: 41/41 MP: 6/6
  2672 | D:4      | Reached skill level 3 in Fighting
  2677 | D:4      | Reached skill level 5 in Shapeshifting
  2991 | D:5      | Entered Level 5 of the Dungeon
  2992 | D:5      | Found a staircase to the Ecumenical Temple.
  2992 | D:5      | Noticed a black bear
  2998 | D:5      | Killed a black bear
  2999 | D:5      | Reached XP level 7. HP: 14/46 MP: 7/7
  3002 | D:4      | HP: 10/46 [quokka (4)]
  3151 | Temple   | Entered the Ecumenical Temple
  3229 | Temple   | Fell from the grace of the Shining One
  3229 | Temple   | Became a worshipper of Gozag Ym Sagoz the Greedy
  3389 | D:5      | Reached skill level 4 in Fighting
  3389 | D:5      | Reached skill level 6 in Shapeshifting
  3392 | D:5      | Reached skill level 5 in Unarmed Combat
  3622 | D:5      | HP: 12/48 [jelly (3)]
  3622 | D:5      | HP: 5/48 [acid (7)]
  3883 | D:5      | Reached skill level 1 in Stealth
  3941 | D:5      | Noticed Ijyb
  3955 | D:5      | Killed Ijyb
  3957 | D:5      | HP: 8/48 [ice beast (14)]
  3958 | D:5      | Slain by an ice beast

Illustrated notes

Levels and vault maps discovered:
D:1:      lightli_arrival_noodles, layout_rooms, minmay_tetromino_s4
D:2:      layout_basic, serial_shops, nicolae_square_shop
D:3:      layout_loops_cross, mainiacjoe_overflow_catwalk, jmf_multi_god_temple
D:4:      layout_loops_ring
D:5:      minmay_polygon_palace, layout_layer_cave,
          minmay_temple_entry_stoned_glass, ebering_dispersal_statue_hall,
          uniq_ijyb
Temple:   mainiacjoe_temple_coin_purse

Skill      XL: |  1  2  3  4  5  6  7 |
---------------+----------------------+-----
Fighting       | 2 3 4 |  4.2
Shapeshifting  | 4 5 6 |  6.3
Unarmed Combat | 4 5 |  5.0
Stealth        | 1 |  1.3
Dodging        | |  2.2

Action                     |  1- 3 |  4- 6 |  7- 9 || total
---------------------------+-------+-------+-------++-------
  Melee: Unarmed           |    72 |   121 |    19 ||   212
         Tentacles         |    14 |    25 |    11 ||    50
         Constrict         |    14 |    30 |     8 ||    52
         Punch             |     1 |     3 |     3 ||     7
         Short sword       |       |       |    22 ||    22
   Stab: Sleeping          |     3 |     2 |     1 ||     6
 Armour: Skin              |    32 |    46 |    29 ||   107
  Dodge: Dodged            |    45 |    60 |    21 ||   126

Table legend: (Time is in decaauts)
 A = Elapsed time spent in this place.
 B = Non-inter-level travel time spent in this place.
 C = Inter-level travel time spent in this place.
 D = Time resting spent in this place.
 E = Time spent auto-exploring this place.
 F = Levels seen in this place.
 G = Mean time per level.
                   A        B        C        D        E       F      G
               +--------+--------+--------+--------+--------+-----+--------+
         Total |   3943 |   3871 |     72 |    416 |   2837 |   6 |  657.2 |
       Dungeon |   3852 |   3791 |     61 |    350 |   2837 |   5 |  770.4 |
        Temple |     90 |     79 |     11 |     66 |      0 |   1 |   90.0 |
               +--------+--------+--------+--------+--------+-----+--------+

Top non-repeatable levels by time:
     D:4: 944 daAuts
     D:3: 877 daAuts
     D:2: 751 daAuts
     D:5: 739 daAuts
     D:1: 541 daAuts
  Temple: 90 daAuts

Levels and vault maps discovered:
D:1:      lightli_arrival_noodles, layout_rooms, minmay_tetromino_s4
D:2:      layout_basic, serial_shops, nicolae_square_shop
D:3:      layout_loops_cross, mainiacjoe_overflow_catwalk, jmf_multi_god_temple
D:4:      layout_loops_ring
D:5:      minmay_polygon_palace, layout_layer_cave,
          minmay_temple_entry_stoned_glass, ebering_dispersal_statue_hall,
          uniq_ijyb
Temple:   mainiacjoe_temple_coin_purse

Table legend: (Time is in decaauts)
 A = Elapsed time spent in this place.
 B = Non-inter-level travel time spent in this place.
 C = Inter-level travel time spent in this place.
 D = Time resting spent in this place.
 E = Time spent auto-exploring this place.
 F = Levels seen in this place.
 G = Mean time per level.
                   A        B        C        D        E       F      G
               +--------+--------+--------+--------+--------+-----+--------+
         Total |   3943 |   3871 |     72 |    416 |   2837 |   6 |  657.2 |
       Dungeon |   3852 |   3791 |     61 |    350 |   2837 |   5 |  770.4 |
        Temple |     90 |     79 |     11 |     66 |      0 |   1 |   90.0 |
               +--------+--------+--------+--------+--------+-----+--------+

Top non-repeatable levels by time:
     D:4: 944 daAuts
     D:3: 877 daAuts
     D:2: 751 daAuts
     D:5: 739 daAuts
     D:1: 541 daAuts
  Temple: 90 daAuts

Table legend:
 A = Kills in this place as a percentage of kills in the entire game.
 B = Kills by you in this place as a percentage of kills by you in the entire game.
 C = Kills by friends in this place as a percentage of kills by friends in the entire game.
 D = Other kills in this place as a percentage of other kills in the entire game.
 E = Experience gained in this place as a percentage of experience gained in the entire game.
 F = Experience gained in this place divided by the number of levels of this place that you have seen.
                   A       B       C       D       E      F
               +-------+-------+-------+-------+-------+----------------------
         Total | 100.0 | 100.0 |   N/A |   N/A | 100.0 | 198.8
       Dungeon | 100.0 | 100.0 |   N/A |   N/A | 100.0 | 238.6
               +-------+-------+-------+-------+-------+----------------------
